 Dungeon Crawl Stone Soup version 0.29-a0-878-g7b45a56547 (webtiles) character file.

Game seed: 4430020689074660812

36241 concernfroge the Spear-Bearer (level 13, -21/108 HPs)
             Began as a Mummy Monk on July 19, 2022.
             Was an Initiate of Gozag.
             Killed from afar by a fire dragon (46 damage)
             ... with a blast of flame
             ... on level 5 of the Lair of Beasts on July 20, 2022.
             The game lasted 01:08:16 (21557 turns).

concernfroge the Spear-Bearer (Mummy Monk)         Turns: 21557, Time: 01:08:17

Health: -21/108    AC: 34    Str: 22    XL:     13   Next: 51%
Magic:  13/13      EV:  6    Int: 13    God:    Gozag
Gold:   2969       SH: 15    Dex: 18    Spells: 12/12 levels left

rFire   x . .      SeeInvis +   g - +6 trident (freeze)
rCold   + + .      Faith    .   c - +0 kite shield
rNeg    + + +      Spirit   .   v - +6 plate armour of Leragis {Dex+3}
rPois   ∞          Reflect  +   m - +2 helmet
rElec   .          Harm     .   i - +0 cloak
rCorr   +          Rampage  .   b - +1 pair of gloves
Will    +....                   p - +1 pair of boots
Stlth   ..........              u - amulet of reflection
HPRegen 0.28/turn               d - ring "Piuliupt" {rC+ rCorr Str+4 Int+3 SInv}
MPRegen 0.13/turn               h - +4 ring of protection

@: silenced
A: cold resistance 1, negative energy resistance 3, torment resistance 2, heat
vulnerability 1, in touch with death 2, no potions
a: Renounce Religion


You were on level 5 of the Lair of Beasts.
You worshipped Gozag.
Gozag was most pleased with you.
You visited 3 branches of the dungeon, and saw 17 of its levels.
You also visited: Bailey.

You collected 4399 gold pieces.
You spent 1430 gold pieces at shops.

Inventory:

Hand Weapons
 g - a +6 trident of freezing (weapon)
Armour
 b - a +1 pair of gloves (worn)
 c - a +0 kite shield (worn)
 i - a +0 cloak (worn)
 m - a +2 helmet (worn)
 p - a +1 pair of boots (worn)
 v - the +6 plate armour of Leragis (worn) {Dex+3}
   (You bought it in a shop on level 5 of the Dungeon)

   Dex:       It affects your dexterity (+3).
Jewellery
 d - the ring "Piuliupt" (left hand) {rC+ rCorr Str+4 Int+3 SInv}
   (You found it on level 3 of the Dungeon)

   [ring of resist corrosion]

   Str:       It affects your strength (+4).
   Int:       It affects your intelligence (+3).
   rC:        It protects you from cold.
   SInv:      It lets you see invisible.
   rCorr:     It protects you from acid and corrosion.
 h - a +4 ring of protection (right hand)
 u - an amulet of reflection (around neck)
Wands
 k - a wand of flame (34) (quivered)
 q - a wand of digging (4)
Scrolls
 a - 4 scrolls of teleportation
 e - 3 scrolls of fog
 f - 5 scrolls of identify
 l - a scroll of blinking
 n - 3 scrolls of vulnerability
 r - a scroll of magic mapping
 t - a scroll of immolation
 w - a scroll of brand weapon
Miscellaneous
 o - a tin of tremorstones (inert)


   Skills:
 - Level 12.0 Fighting
 - Level 14.0 Polearms
 - Level 10.0 Armour
 - Level 2.4 Dodging
 - Level 1.5 Stealth
 + Level 3.7 Shields


You had 12 spell levels left.
You didn't know any spells.
Your spell library contained the following spells:

 Spells                   Type           Power      Damage    Failure   Level
 Magic Dart               Conj           0%         1d3       100%        1
 Slow                     Hex            0%         N/A       100%        1
 Sting                    Tmut/Pois      0%         1d3       100%        1
 Blink                    Tloc           0%         N/A       100%        2
 Call Imp                 Summ           0%         N/A       100%        2
 Poisonous Vapours        Pois/Air       0%         N/A       100%        2
 Confusing Touch          Hex            0%         N/A       100%        3
 Conjure Flame            Conj/Fire      0%         6-21      100%        3
 Frozen Ramparts          Ice            0%         1d2       100%        3
 Ignite Poison            Fire/Tmut/Pois 0%         N/A       100%        3
 Lesser Beckoning         Tloc           0%         N/A       100%        3
 Mephitic Cloud           Conj/Pois/Air  0%         N/A       100%        3
 Ozocubu's Armour         Ice            0%         N/A       100%        3
 Vampiric Draining        Necr           0%         2d6       100%        3
 Olgreb's Toxic Radiance  Pois           0%         N/A       100%        4
 Sticky Flame             Conj/Fire      0%         2d3       100%        4
 Summon Ice Beast         Ice/Summ       0%         N/A       100%        4
 Manifold Assault         Tloc           0%         N/A       100%        5
 Ozocubu's Refrigeration  Ice            0%         4d5       100%        7
 Ice Form                 Ice/Tmut       Unusable   N/A       N/A         4

Dungeon Overview and Level Annotations

Branches:
Dungeon (11/15)            Temple (1/1) D:6            Lair (5/5) D:11
  Swamp (0/4) Lair:3        Snake (0/4) Lair:2        Slime (0/5) Lair:4
    Orc (0/2) D:10         Bailey (visited)

Altars:
Ashenzari
Cheibriados
Dithmenos
Fedhas
Gozag
Hepliaklqana
Kikubaaqudgha
Makhleb
Nemelex Xobeh
Okawaru
Qazlal
Ru
Sif Muna
Trog
Uskayaw
Vehumet
Wu Jian
Xom
Yredelemnul
Jiyva

Shops:
D:4 *   D:5 :*[   D:6 =   D:7 ?

Annotations:
Lair:3 3 runed translucent doors, Oggein's ghost, journeyman MyBe
Lair:5 2 transporters, Gus979's ghost, journeyman DsNe


Innate Abilities, Weirdness & Mutations

You are immune to poison.
Your flesh is cold resistant. (rC+)
You are immune to negative energy. (rN+++)
You are immune to unholy pain and torment.
You are vulnerable to heat. (rF-)
You are strongly in touch with the powers of death.
You do not drink.


Message History

HP restored.
You climb downwards.
Level annotation: 2 transporters, 2 runed translucent doors, Gus979's ghost, journeyman DsNe
There is a stone staircase leading up here.
You see here a +0 mace.
You see here a +0 mace.
You see here a fizzy silvery potion.
The fire dragon roars deafeningly!
You see here a +0 flail.
Found a steaming trident and a leather armour.
Okay, then.
Okay, then.
As you open the large door, it creaks loudly!
The fire dragon breathes flames at you. The blast of flame hits you!!
The fire burns you terribly!
As you read the scroll of silence, it crumbles to dust.
A profound silence engulfs you.
You puncture the fire dragon! You freeze the fire dragon.
The fire dragon is lightly wounded.
The fire dragon bites you!
The fire dragon claws you but does no damage.
The fire dragon tramples you but does no damage.
You impale the fire dragon!! You freeze the fire dragon!
The fire dragon is heavily wounded.
You hit the fire dragon but do no damage.
The fire dragon is heavily wounded.
The fire dragon bites you but does no damage.
The fire dragon claws you but does no damage.
You block the fire dragon's attack.
You puncture the fire dragon! You freeze the fire dragon.
The fire dragon is severely wounded.
The fire dragon breathes flames at you. The blast of flame hits you!!!
The fire burns you terribly!
* * * LOW HITPOINT WARNING * * *
You closely miss the fire dragon.
The fire dragon is severely wounded.
The fire dragon breathes flames at you. The blast of flame hits you!!!
The fire burns you terribly!
You die...
Your body crumbles into a pile of gold.

...# #≈#≈ ##........#.#≈≈ #
...## #≈≈≈##...........##≈≈ ##
....# #≈≈≈##.........#####≈ #.
....# #§≈#...........8# ≈# #.
..### ###≈≈.#.........## # #.
.#######8##..#........## #. ##
#8#8..#..###..§..### ## #
##....§§§§≈§..§§## #
####......#≈§≈≈.@≈§#§
#.........§§§##'D##≈≈≈≈########
........#≈≈≈##....##§≈##.##8#8#
......##≈≈§§#......#§§#......#
##........≈§#......#≈#......#8#
##.......#§#......#≈.......###
##......#≈#$$..$$#.≈§.....#
#8.....##≈##!$)[##.§#.....##
##......§§§######.≈§#......####


You could see a fire dragon (unsilenced, catching breath).

Vanquished Creatures
  Harold (Lair:2)
  6 hydras
  A two-headed ogre (D:11)
  A boulder beetle (Lair:5)
  A fire crab (Lair:5)
  A lindwurm (Lair:5)
  An oklob plant (Lair:1)
  2 cyclopes (D:11)
  5 elephants (Lair:3)
  8 black mambas
  A torpor snail (Lair:4)
  A gargoyle (D:10)
  8 cane toads
  2 molten gargoyles (Lair:5)
  3 rime drakes
  Psyche (D:8)
  2 kobold demonologists (D:11)
  11 komodo dragons
  Prince Ribbit (Bailey)
  2 polar bears
  6 dream sheep (Lair:4)
  7 blink frogs (Lair:5)
  A slime creature (D:6)
  Sigmund (D:6)
  A shadow (D:10)
  2 wraiths
  3 vampires
  Eustachio (D:5)
  5 basilisks
  7 humans (Bailey)
  23 yaks
  A wyvern (D:7)
  3 steam dragons
  Menkaure (D:5)
  2 nagas (Lair:2)
  3 hell hounds (Lair:5)
  2 acid dragons
  9 water moccasins
  A sky beast (D:5)
  3 orc warriors
  An ogre (D:7)
  3 centaurs
  5 kobold brigands
  2 phantoms
  The ghost of zishaf the Sneak, an amateur VSBr (D:3)
  13 bullfrogs
  3 necrophages (D:5)
  A scorpion (D:6)
  6 killer bees (D:9)
  5 electric eels
  7 howler monkeys
  5 lava snakes (Lair:5)
  3 hounds
  8 jellies
  A gnoll bouda (D:7)
  7 orc priests
  8 iguanas
  11 orc wizards
  Robin (D:3)
  5 gnolls
  6 adders
  A shadow imp (D:7)
  3 white imps
  An ufetubus (D:6)
  6 worms
  3 dart slugs
  27 orcs
  6 ball pythons
  12 endoplasms
  2 giant cockroaches
  24 goblins
  10 hobgoblins
  5 jackals
  18 kobolds
  3 quokkas
  5 bats
  A frilled lizard (D:2)
  2 rats
372 creatures vanquished.

Vanquished Creatures (collateral kills)
  A vault guard (Bailey)
1 creature vanquished.

Vanquished Creatures (others)
  6 fungi
  22 plants
  8 toadstools (D:6)
36 creatures vanquished.

Grand Total: 409 creatures vanquished

Notes
Turn   | Place    | Note
-------+----------+-------------------------------------------
     0 | D:1      | concernfroge the Mummy Monk began the quest for the Orb.
     0 | D:1      | Reached XP level 1. HP: 18/18 MP: 1/1
    80 | D:1      | Reached XP level 2. HP: 24/24 MP: 2/2
  1210 | D:2      | Gained mutation: You are in touch with the powers of death.
                  | [Mummy growth]
  1210 | D:2      | Reached XP level 3. HP: 19/30 MP: 3/3
  2556 | D:3      | Reached XP level 4. HP: 38/38 MP: 4/4
  2566 | D:3      | Reached skill level 5 in Fighting
  2642 | D:3      | Noticed Robin
  3187 | D:3      | Identified the ring "Piuliupt" {rC+ rCorr Str+4 Int+3 SInv}
  3192 | D:3      | Found a faded altar of an unknown god.
  3454 | D:3      | Reached XP level 5. HP: 46/46 MP: 5/5
  3554 | D:3      | Found a runed translucent gate.
  3555 | D:3      | Found a runed translucent gate.
  3556 | D:3      | Found a runed translucent gate.
  3556 | D:3      | Noticed zishaf's ghost (amateur VSBr)
  3565 | D:3      | Killed zishaf's ghost
  3669 | D:3      | Killed Robin
  4095 | D:4      | Found a shimmering altar of Xom.
  4096 | D:4      | Found a shadowy altar of Dithmenos.
  4203 | D:4      | Reached XP level 6. HP: 40/53 MP: 6/6
  4381 | D:4      | Found Goipueh's CLEARANCE SALE!.
  4396 | D:4      | Bought a scroll of enchant weapon for 22 gold pieces
  4816 | D:5      | Entered Level 5 of the Dungeon
  4816 | D:5      | Noticed a sky beast
  4816 | D:5      | Found Lyrr's Antique Armour Boutique.
  4821 | D:5      | Killed a sky beast
  4950 | D:5      | Reached XP level 7. HP: 27/62 MP: 7/7
  5154 | D:5      | Noticed Menkaure
  5157 | D:5      | Killed Menkaure
  5162 | D:5      | Found Joweq's General Store.
  5182 | D:5      | Identified the +3 leather armour of Wonder {rN+ Will++}
  5247 | D:5      | Found Leisisin's Book Emporium.
  5378 | D:5      | Noticed Eustachio
  5385 | D:5      | Killed Eustachio
  5398 | D:5      | Reached XP level 8. HP: 29/72 MP: 8/8
  5723 | D:6      | Reached skill level 10 in Fighting
  6031 | D:6      | Found a shimmering altar of Xom.
  6162 | D:6      | Found a broken altar of Ashenzari.
  6237 | D:6      | Found Ysiuk's Jewellery Emporium.
  6242 | D:6      | Found a shimmering altar of Xom.
  6361 | D:6      | Noticed Sigmund
  6365 | D:6      | Killed Sigmund
  6509 | D:6      | Reached skill level 3 in Polearms
  6509 | D:6      | Reached XP level 9. HP: 78/82 MP: 9/9
  6602 | D:6      | Reached skill level 4 in Polearms
  6925 | D:6      | Found a staircase to the Ecumenical Temple.
  6934 | Temple   | Entered the Ecumenical Temple
  7135 | Temple   | Became a worshipper of Gozag Ym Sagoz the Greedy
  7217 | D:7      | Found Cocom's Magic Scroll Shoppe.
  7231 | D:7      | Bought a scroll of enchant armour for 75 gold pieces
  7231 | D:7      | Bought a scroll of summoning for 95 gold pieces
  7231 | D:7      | Bought a scroll of enchant weapon for 75 gold pieces
  7231 | D:7      | Bought a scroll of magic mapping for 75 gold pieces
  7278 | D:7      | Found an ancient bone altar of Kikubaaqudgha.
  7334 | D:7      | Reached skill level 5 in Polearms
  7737 | D:7      | Reached skill level 6 in Polearms
  8194 | D:7      | Reached skill level 7 in Polearms
  8353 | D:8      | Found a snail-covered altar of Cheibriados.
  8396 | D:8      | Found a flagged portal.
  8417 | Bailey   | Entered a bailey
  8455 | Bailey   | Reached XP level 10. HP: 57/89 MP: 10/10
  8615 | Bailey   | Noticed Prince Ribbit
  8627 | Bailey   | Killed Prince Ribbit
  8628 | Bailey   | Reached skill level 8 in Polearms
  8848 | Bailey   | Noticed a vault guard
  8875 | Bailey   | Killed a vault guard
  8876 | Bailey   | Reached skill level 9 in Polearms
  9003 | Bailey   | Noticed a vault guard
  9310 | D:8      | Noticed Psyche
  9316 | D:8      | Paralysed by Psyche for 2 turns
  9329 | D:8      | Killed Psyche
  9356 | D:8      | Reached skill level 10 in Polearms
 10876 | D:5      | Bought a spiked plate armour for 728 gold pieces
 10876 | D:5      | Identified the +6 plate armour of Leragis {Dex+3} (You
                  | bought it in a shop on level 5 of the Dungeon)
 11010 | D:9      | Reached XP level 11. HP: 91/95 MP: 11/11
 11304 | D:9      | Reached skill level 11 in Polearms
 11798 | D:10     | Entered Level 10 of the Dungeon
 12503 | D:10     | Found a sparkling altar of Nemelex Xobeh.
 12660 | D:10     | Found a staircase to the Orcish Mines.
 13177 | D:11     | Noticed a seven-headed hydra
 13187 | D:11     | Killed a seven-headed hydra
 13255 | D:11     | Found a staircase to the Lair.
 13274 | D:11     | Identified the +4 scale mail of Anarchy {Dex+3 SInv}
 13323 | D:11     | Reached skill level 12 in Polearms
 13678 | D:11     | Noticed a two-headed ogre
 13687 | D:11     | Killed a two-headed ogre
 13727 | D:11     | Found an ornate altar of the Wu Jian Council.
 14189 | D:6      | Bought an amulet of reflection for 360 gold pieces
 14480 | Lair:1   | Entered Level 1 of the Lair of Beasts
 14741 | Lair:1   | Reached skill level 13 in Polearms
 14760 | Lair:1   | Noticed a four-headed hydra
 14761 | Lair:1   | Noticed a five-headed hydra
 14771 | Lair:1   | Killed a four-headed hydra
 14785 | Lair:1   | Killed a five-headed hydra
 15210 | Lair:1   | Reached XP level 12. HP: 82/102 MP: 12/12
 16145 | Lair:2   | Noticed Harold
 16288 | Lair:2   | Found a staircase to the Snake Pit.
 16383 | Lair:2   | Reached skill level 14 in Polearms
 16383 | Lair:2   | Reached skill level 1 in Armour
 16732 | Lair:2   | Killed Harold
 17050 | Lair:3   | Found a runed translucent gate.
 17051 | Lair:3   | Found a runed translucent gate.
 17052 | Lair:3   | Found a runed translucent gate.
 17053 | Lair:3   | Noticed Oggein's ghost (journeyman MyBe)
 17290 | Lair:3   | Found an ornate altar of the Wu Jian Council.
 17346 | Lair:3   | Reached skill level 5 in Armour
 17430 | Lair:3   | Found a staircase to the Swamp.
 17829 | Lair:3   | Identified a scroll of acquirement
 17830 | Lair:3   | Acquired 1055 gold pieces
 18552 | Lair:4   | Found a viscous altar of Jiyva.
 18552 | Lair:4   | Found a staircase to the Slime Pits.
 18795 | Lair:5   | Entered Level 5 of the Lair of Beasts
 18820 | Lair:5   | Noticed a four-headed hydra
 18832 | Lair:5   | Killed a four-headed hydra
 18996 | Lair:5   | Noticed a boulder beetle
 19018 | Lair:5   | Killed a boulder beetle
 19114 | Lair:5   | Gained mutation: You are strongly in touch with the powers
                  | of death. [Mummy growth]
 19114 | Lair:5   | Reached XP level 13. HP: 108/108 MP: 13/13
 19571 | Lair:5   | Found a transporter.
 19574 | Lair:5   | Noticed Gus979's ghost (journeyman DsNe)
 19619 | Lair:5   | Found a transporter.
 20300 | Lair:5   | Reached skill level 10 in Armour
 20300 | Lair:5   | Reached skill level 1 in Shields
 20621 | Lair:5   | Noticed a fire dragon
 20621 | Lair:5   | Found a large runed translucent door.
 20621 | Lair:5   | Found a large runed translucent door.
 21557 | Lair:5   | Killed from afar by a fire dragon

Illustrated notes

Levels and vault maps discovered:
D:1:      psy_arrival_spokes, layout_loops_ring, bh_walls_and_bars
D:2:      layout_rooms, basic_altar, nrook_campfire
D:3:      kennysheep_goblin_castle, layout_loops_corners,
          hellmonk_ecumenical_altar_lost_god, ebering_ghost_rock_garden,
          minivault_24, corner_web_ring, minmay_distorted
D:4:      layout_loops_cross, nicolae_overflow_squiral, nicolae_shop_clearance
D:5:      layout_rooms, serial_shops, shop, nicolae_shop_trees,
          nicolae_stop_n_shop_2, kennysheep_pointless_box, uniq_eustachio,
          uniq_menkaure
D:6:      cheibrodos_fertilizer, layout_rooms, marbit_many_paths,
          lemuel_temple_firewalk_b, minmay_shop_enchanted_jewellery,
          hangedman_feature_mirror, uniq_sigmund
D:7:      layout_loops_ring, amcnicky_altar_gilded, serial_shops, shop
D:8:      layout_basic, mainiacjoe_overflow_chevrons, enter_bailey_3,
          uniq_psyche
D:9:      layout_stronghold
D:10:     layout_cave_pods, mainiacjoe_overflow_brackets,
          minmay_orc_entry_temple_small
D:11:     layout_roguey, lair_entry_dummy, nzn_wu_jian_contemplation
Temple:   eino_temple_scatter_basement
Lair:1:   layout_regular_city, minmay_lair_oklob_items, serial_bayou_lagoon_b,
          infiniplex_staircase_pool
Lair:2:   layout_regular_city, minmay_snake_entry_guardpost_small,
          minmay_hedge_maze, st_stairs_4, serial_bayou_lake_a, uniq_harold
Lair:3:   layout_roguey, minmay_swamp_entry_eels, ebering_ghost_rock_garden,
          basic_altar
Lair:4:   layout_loops_ring, dpeg_slime_entry_enclosed, serial_bayou_pond_c,
          minmay_holes, grunt_megastairs_5
Lair:5:   cheibrodos_lair_end_hotspot, layout_big_grid,
          gammafunk_ghost_berserking_beasts, nzn_sisyphean_effort

Skill      XL: |  1  2  3  4  5  6  7  8  9 10 11 12 13 |
---------------+----------------------------------------+-----
Fighting       | 4 5 6 8 9 12 | 12.0
Polearms       | 3 7 10 13 14 | 14.0
Armour         | 8 10 | 10.0
Shields        | 3 |  3.7
Dodging        | |  2.4
Stealth        | |  1.5

Action                   |  1- 3 |  4- 6 |  7- 9 | 10-12 | 13-15 || total
-------------------------+-------+-------+-------+-------+-------++-------
Melee: Spear             |   153 |       |       |       |       ||   153
       Punch             |     2 |     2 |       |     7 |       ||    11
       Trident           |    17 |   205 |   289 |   825 |   231 ||  1567
Evoke: Wand              |       |     2 |    23 |    54 |    11 ||    90
       Tin of tremorston |       |       |       |     2 |       ||     2
  Use: Scroll            |     9 |     3 |     5 |    18 |     4 ||    39
 Stab: Sleeping          |    10 |     1 |       |       |       ||    11
       Distracted        |       |       |     1 |     7 |     1 ||     9
Armor: Robe              |    20 |       |       |       |       ||    20
       Leather armour    |     3 |     9 |       |       |       ||    12
       Chain mail        |       |   116 |    47 |       |       ||   163
       Plate armour      |       |       |   114 |   351 |    68 ||   533
Dodge: Dodged            |    69 |   105 |   102 |   149 |    19 ||   444
Block: Other             |       |       |       |    17 |       ||    17
       Kite shield       |       |       |       |   112 |    80 ||   192
       Reflection        |       |       |       |     2 |     1 ||     3

Table legend: (Time is in decaauts)
 A = Elapsed time spent in this place.
 B = Non-inter-level travel time spent in this place.
 C = Inter-level travel time spent in this place.
 D = Time resting spent in this place.
 E = Time spent auto-exploring this place.
 F = Levels seen in this place.
 G = Mean time per level.
                   A        B        C        D        E       F      G
               +--------+--------+--------+--------+--------+-----+--------+
         Total |  21486 |  19355 |   2131 |   2844 |  13257 |  18 | 1193.7 |
       Dungeon |  13672 |  12377 |   1295 |   1558 |   8924 |  11 | 1242.9 |
        Temple |    214 |    181 |     33 |      0 |    165 |   1 |  214.0 |
          Lair |   6755 |   5952 |    803 |    926 |   3894 |   5 | 1351.0 |
        Bailey |    843 |    843 |      0 |    360 |    273 |   1 |  843.0 |
               +--------+--------+--------+--------+--------+-----+--------+

Top non-repeatable levels by time:
     D:3: 2170 daAuts
  Lair:5: 1820 daAuts
  Lair:4: 1803 daAuts
     D:6: 1419 daAuts
  Lair:1: 1400 daAuts
     D:9: 1395 daAuts
     D:8: 1280 daAuts
    D:11: 1279 daAuts
     D:7: 1215 daAuts
    D:10: 1213 daAuts
     D:1: 1096 daAuts
     D:4: 1064 daAuts
  Lair:2: 910 daAuts
     D:2: 886 daAuts
  Bailey: 843 daAuts
